 Dungeon Crawl Stone Soup version 0.31-a0-1-g4198be8af4 (webtiles) character file.

Game seed: 1479938056984195525

3101 ragingrage the Fighter (level 10, -1/77 HPs)
             Began as a Djinni Delver on Apr 30, 2023.
             Was a Follower of Ashenzari.
             Slain by a wyvern (14 damage)
             ... on level 7 of the Dungeon.
             The game lasted 00:10:28 (9040 turns).

ragingrage the Fighter (Djinni Delver)              Turns: 9040, Time: 00:10:29

Health: -1/77      AC:  5    Str: 11    XL:     10   Next: 13%
Gold:   368        EV: 12    Int: 13    God:    Ashenzari [*.....] SH:  0 Dex: 18

rFire   + + .        a - +1 dagger (venom)
rCold   . . .        (no shield)
rNeg    . . .        y - +1 leather armour {rC+}
rPois   ∞            v - +0 hat of Star-Bound Wisdom {Melee, Range} (curse)
rElec   .            (no cloak)
rCorr   .            q - +0 pair of gloves "Ruined Scepticism" {Melee, Evo} (curse)
SInv    .            (boots unavailable)
Will    +....        (no amulet)
Stlth   +++          (no ring)
HPRegen 0.32/turn    (no ring)
MPRegen 0.00/turn

%: infuse magic (-2 HP)
@: flying
A: sickness immunity, fire resistance 2, cold vulnerability 1, float, innate
caster, HP casting, extra vitality 1
a: Renounce Religion, Shatter the Chains


You were on level 7 of the Dungeon.
You worshipped Ashenzari.
Ashenzari was aware of your devotion.
You visited 2 branches of the dungeon, and saw 9 of its levels.

You collected 368 gold pieces.

Inventory:

Hand Weapons
 a - a +1 dagger of venom (weapon)
 b - a +3 scimitar
 j - a +0 shortbow
Missiles
 p - 9 poisoned darts
Armour
 q - the cursed +0 pair of gloves "Ruined Scepticism" (worn) {Melee, Evo}
   (You found it on level 5 of the Dungeon)

   It has a curse which improves the following skills: Melee Combat: Short
   Blades, Long Blades, Axes, Maces & Flails, Polearms, Staves and Unarmed
   Combat.
   Evocations: Evocations.
 v - the cursed +0 hat of Star-Bound Wisdom (worn) {Melee, Range}
   (You found it on level 2 of the Dungeon)

   It has a curse which improves the following skills: Melee Combat: Short
   Blades, Long Blades, Axes, Maces & Flails, Polearms, Staves and Unarmed
   Combat.
   Ranged Combat: Ranged Weapons and Throwing.
 y - a +1 leather armour of cold resistance (worn)
Wands
 g - a wand of digging (3)
 o - a wand of light (8)
 x - a wand of flame (8)
 D - a wand of iceblast (7)
Scrolls
 c - 2 scrolls of fog
 d - 3 scrolls of magic mapping
 i - 2 scrolls of identify
 l - 2 scrolls of blinking
 s - a scroll of torment
 t - 3 scrolls of enchant weapon
 u - a scroll of vulnerability
 A - a scroll of acquirement
 C - a scroll of immolation
Potions
 k - 3 potions of lignification
 n - a potion of curing
 r - a potion of heal wounds
 w - a potion of flight
 z - a potion of attraction


   Skills:
 + Level 8.6 Fighting
 - Level 3.1(4.1) Long Blades
 - Level 2.1 Dodging
 - Level 4.1 Stealth
 + Level 8.0 Spellcasting


You knew the following spells:

 Your Spells              Type           Power      Damage    Failure   Level
a - Sandblast             Erth           52%        2d12      1%          1
b - Momentum Strike       Conj/Tloc      52%        3d9       1%          2
c - Wereblood             Tmut           26%        N/A       1%          2
d - Animate Armour        Summ/Erth      52%        N/A       7%          4
Your spell library was empty.

Dungeon Overview and Level Annotations

Branches:
Dungeon (8/15)             Temple (1/1) D:5
   Lair: D:8-11

Altars:
Ashenzari
Cheibriados
Dithmenos
Elyvilon
Gozag
Makhleb
Nemelex Xobeh
Okawaru
Qazlal
Uskayaw
Wu Jian
Xom
Yredelemnul
Zin
The Shining One

Annotations:
D:3 exclusion: downstairs
D:4 Edmund
D:7 Pikel
Temple 2 transporters


Innate Abilities, Weirdness & Mutations

You are immune to sickness and miasma.
You are immune to poison.
Your flesh is very heat resistant. (rF++)
You are vulnerable to cold. (rC-)
You float through the air rather than walking.
You learn spells naturally, not from books.
Your magical power is your life essence.
You have superior vitality. (+4 MHP)


Message History

You closely miss the killer bee. The killer bee stings you.
* * * LOW HITPOINT WARNING * * *
The killer bee barely misses you.
Okay, then.
As you read the scroll of fear, it crumbles to dust.
You assume a fearsome visage.
The killer bee looks frightened! x5
You feel a bit more experienced. 3 killer bees come into view.
Found a stone staircase leading up.
The killer bee buzzes angrily. x2
A killer bee comes into view.
A killer bee comes into view.
The killer bee barely misses you. The killer bee stings you.
There is a stone staircase leading up here.
The killer bee stings you.
* * * LOW HITPOINT WARNING * * *
The killer bee closely misses you.
The killer bee stings you but does no damage.
The killer bee barely misses you.
You fly upwards.
Level annotation: Pikel The lemure misses you.
There is a stone staircase leading down here.
As you read the scroll of teleportation, it crumbles to dust.
You feel strangely unstable.
The killer bee stings you but does no damage.
The killer bee closely misses you. The lemure hits you but does no damage.
The killer bee closely misses you. x2
The killer bee closely misses you. The killer bee stings you.
* * * LOW HITPOINT WARNING * * *
The killer bee stings you!
* * * LOW HITPOINT WARNING * * *
The killer bee attacks as you move away!
The killer bee misses you. The killer bee closely misses you.
Your surroundings suddenly seem different.
A wyvern comes into view.
The wyvern hisses angrily.
The wyvern bites you!
You die...

#...####
##......#
#..(....#
#.......#
#.......#
####.......#
#..........#
##.........##
#..#####@).#
#. ##l......
# .......
.....#.
....#.. ....#
. #..## ###


You could see a wyvern.

Vanquished Creatures
  A wyvern (D:7)
  A steam dragon (D:7)
  Menkaure (D:4)
  A water moccasin (D:7)
  A sky beast (D:8)
  4 ogres (D:5)
  2 centaurs
  A lemure (D:8)
  3 phantoms
  A gnoll sergeant (D:4)
  3 bullfrogs
  4 scorpions
  2 wights (D:6)
  4 killer bees
  A gnoll bouda (D:7)
  2 orc priests
  A hound (D:5)
  2 jellies (D:7)
  2 sleepcaps (D:6)
  Ijyb (D:3)
  Natasha (thrice) (D:3)
  5 iguanas
  9 orc wizards
  9 gnolls
  6 adders
  A shadow imp (D:7)
  2 white imps
  An ufetubus (D:4)
  A worm (D:3)
  2 dart slugs (D:1)
  13 orcs
  7 ball pythons
  6 endoplasms
  4 giant cockroaches
  7 goblins
  3 hobgoblins
  2 jackals (D:2)
  5 kobolds
  2 quokkas
  8 bats
  9 frilled lizards
  11 rats
154 creatures vanquished.

Vanquished Creatures (collateral kills)
  2 wights (D:6)
  An orc (D:6)
3 creatures vanquished.

Vanquished Creatures (others)
  13 fungi (D:8)
  6 plants
19 creatures vanquished.

Grand Total: 176 creatures vanquished

Notes
Turn   | Place    | Note
-------+----------+-------------------------------------------
     0 | D:5      | ragingrage the Djinni Delver began the quest for the Orb.
     0 | D:5      | Reached XP level 1. HP: 20/20 MP: 0/0
    38 | D:5      | Noticed a hound
    56 | D:5      | Noticed an iguana
    66 | D:5      | Killed an iguana
    67 | D:5      | Reached XP level 2. HP: 17/25 MP: 0/0
    67 | D:5      | Reached XP level 3. HP: 21/30 MP: 0/0
    67 | D:5      | Learned a level 1 spell: Sandblast
    88 | D:5      | Noticed a phantom
   302 | D:4      | Noticed Edmund
   337 | D:4      | Reached skill level 1 in Spellcasting
   464 | D:2      | Reached XP level 4. HP: 27/35 MP: 0/0
  1005 | D:1      | Found a faded altar of an unknown god.
  1465 | D:2      | Reached XP level 5. HP: 38/40 MP: 0/0
  1465 | D:2      | Learned a level 2 spell: Momentum Strike
  2370 | D:3      | Noticed Ijyb
  2387 | D:3      | Killed Ijyb
  2676 | D:3      | Reached XP level 6. HP: 41/46 MP: 0/0
  2921 | D:3      | Noticed Natasha
  2928 | D:3      | Killed Natasha
  2993 | D:3      | Found a glowing silver altar of Zin.
  3095 | D:3      | Noticed Natasha
  3110 | D:3      | Killed Natasha
  3279 | D:3      | Found a glowing silver altar of Zin.
  3342 | D:3      | Noticed Natasha
  3351 | D:3      | Killed Natasha
  3844 | D:4      | Noticed Menkaure
  3852 | D:4      | Killed Menkaure
  3853 | D:4      | Reached XP level 7. HP: 49/50 MP: 0/0
  3853 | D:4      | Learned a level 2 spell: Wereblood
  3945 | D:4      | Reached skill level 5 in Spellcasting
  4623 | D:5      | Reached XP level 8. HP: 35/58 MP: 0/0
  5063 | D:5      | Found a staircase to the Ecumenical Temple.
  5120 | Temple   | Entered the Ecumenical Temple
  5120 | Temple   | Found a transporter.
  5120 | Temple   | Found a transporter.
  5193 | Temple   | Found a transporter.
  5193 | Temple   | Found a transporter.
  5220 | Temple   | Became a worshipper of Ashenzari the Shackled
  5303 | D:5      | Reached skill level 5 in Fighting
  6360 | D:6      | Reached XP level 9. HP: 58/66 MP: 0/0
  6360 | D:6      | Learned a level 4 spell: Animate Armour
  6880 | D:6      | Found a shadowy altar of Dithmenos.
  8441 | D:7      | Reached XP level 10. HP: 58/76 MP: 0/0
  8607 | D:7      | Reached * piety under Ashenzari
  8607 | D:7      | Identified a scroll of acquirement
  8730 | D:7      | Noticed Pikel
  9040 | D:7      | Slain by a wyvern

Illustrated notes

Levels and vault maps discovered:
D:1:      grunt_arrival_crossed_arrows, layout_basic,
          ebering_ecumenical_altar_rust, minmay_split_cup_large
D:2:      minmay_razor_zed, layout_basic
D:3:      layout_rooms, amcnicky_altar_gilded, feat_on_display, uniq_ijyb,
          uniq_natasha
D:4:      layout_loops_ring, uniq_menkaure, uniq_edmund
D:5:      layout_basic, fiery_altar_vehumet, minmay_temple_entry_overgrown,
          palyth_stone_intersect
D:6:      minmay_flawed_box, layout_gridville,
          grunt_dithmenos_smoke_and_mirrors, mainiacjoe_overflow_alcove_2,
          lemuel_flamethrower_2
D:7:      layout_layer_cave, uniq_joseph, uniq_pikel
D:8:      layout_gridville, kennysheep_mini, fedhas_altar_3, david_lair_generic,
          serial_rivers, chequers_serial_rivers_large_b,
          chequers_serial_rivers_micro_b, chequers_serial_rivers_micro_a,
          chequers_serial_rivers_micro_e, chequers_serial_rivers_micro_e,
          serial_shops, nicolae_shop_window_shopping
Temple:   hellmonk_temple_divided_pantheon

Skill      XL: |  1  2  3  4  5  6  7  8  9 10 |
---------------+-------------------------------+-----
Long Blades    | 3 |  3.1
Spellcasting   | 1 2 3 4 5 6 7 8 |  8.0
Fighting       | 5 8 |  8.6
Dodging        | |  2.1
Stealth        | |  4.1

Action                     |  1- 3 |  4- 6 |  7- 9 | 10-12 || total
---------------------------+-------+-------+-------+-------++-------
  Melee: Falchion          |    34 |     3 |       |       ||    37
         Dagger            |       |   109 |   123 |    31 ||   263
         Punch             |       |     1 |     3 |     2 ||     6
         Unarmed           |       |       |    11 |       ||    11
   Cast: Sandblast         |     4 |    84 |   133 |    11 ||   232
         Momentum Strike   |       |       |     5 |       ||     5
         Wereblood         |       |       |     3 |       ||     3
         Animate Armour    |       |       |     3 |       ||     3
 Invoke: Curse Item        |       |       |     1 |     1 ||     2
  Evoke: Wand              |       |     3 |       |       ||     3
    Use: Potion            |     1 |       |     3 |       ||     4
         Scroll            |       |     4 |     4 |     2 ||    10
   Stab: Sleeping          |     2 |     5 |     2 |       ||     9
 Armour: Leather armour    |     5 |    32 |    54 |    12 ||   103
         Skin              |       |       |    17 |       ||    17
  Dodge: Dodged            |    32 |    73 |   139 |    34 ||   278

Table legend: (Time is in decaauts)
 A = Elapsed time spent in this place.
 B = Non-inter-level travel time spent in this place.
 C = Inter-level travel time spent in this place.
 D = Time resting spent in this place.
 E = Time spent auto-exploring this place.
 F = Levels seen in this place.
 G = Mean time per level.
                   A        B        C        D        E       F      G
               +--------+--------+--------+--------+--------+-----+--------+
         Total |   9136 |   8654 |    482 |   2750 |   4159 |   9 | 1015.1 |
       Dungeon |   9018 |   8546 |    472 |   2750 |   4080 |   8 | 1127.2 |
        Temple |    118 |    108 |     10 |      0 |     79 |   1 |  118.0 |
               +--------+--------+--------+--------+--------+-----+--------+

Top non-repeatable levels by time:
     D:6: 1674 daAuts
     D:5: 1656 daAuts
     D:2: 1299 daAuts
     D:4: 1292 daAuts
     D:3: 1031 daAuts
     D:7: 935 daAuts
     D:1: 832 daAuts
     D:8: 296 daAuts
  Temple: 118 daAuts
